 Dungeon Crawl Stone Soup version 0.31-a0-1570-g93c622d222 (webtiles) character file.

Game seed: 15116670307548312257

39764 Atlas the Thaumaturge (level 13, -3/88 HPs)
             Began as a Demonspawn Fire Elementalist on Jan 4, 2024.
             Was a High Priest of Vehumet.
             Killed from afar by an arcanist (33 damage)
             ... with a bolt of cold
             ... on level 15 of the Dungeon.
             The game lasted 00:50:57 (23832 turns).

Atlas the Thaumaturge (DsFE)                       Turns: 23832, Time: 00:50:57

Health: -3/88      AC: 14    Str: 11    XL:     13   Next: 71%
Magic:  39/39      EV: 20    Int: 30    God:    Vehumet [*****.]
Gold:   1504       SH:  6    Dex: 14    Spells: 8/38 levels left

rFire   x . .        M - +2 demon trident (venom)
rCold   . . .        J - +1 buckler
rNeg    + . .        E - +0 scale mail of the Nexus {rPois Str+3}
rPois   +            k - +1 hat
rElec   +            Y - +2 cloak {rCorr}
rCorr   +            (no gloves)
SInv    +            h - +0 pair of boots
Will    .....        y - amulet of faith
Stlth   +            s - ring "Toromap" {rElec EV+5}
HPRegen 0.34/turn    G - ring of Xuusuv Fapt {rF- rN+ MP+9 Int+9 SInv}
MPRegen 0.52/turn

%: faith
@: agile, studying Shapeshifting
A: hooves 2, molten scales 1, powered by pain 2, magic regeneration
a: Renounce Religion


You were on level 15 of the Dungeon.
You worshipped Vehumet.
Vehumet was extremely pleased with you.
You visited 2 branches of the dungeon, and saw 16 of its levels.
You also visited: Ossuary, Bailey and Gauntlet.

You collected 1595 gold pieces.
You spent 91 gold pieces at shops.

Inventory:

Hand Weapons
 M - a +2 demon trident of venom (weapon)
Missiles
 v - 2 throwing nets
 P - 2 curare-tipped darts
Armour
 h - a +0 pair of boots (worn)
 k - a +1 hat (worn)
 E - the +0 scale mail of the Nexus (worn) {rPois Str+3}
   (You took it off an orc on level 12 of the Dungeon)

   Str+3:     It affects your strength (+3).
   rPois:     It protects you from poison
 J - a +1 buckler (worn)
 Y - a +2 cloak of preservation (worn)
 Z - a +2 leather armour of willpower
Magical Staves
 V - a staff of conjuration
Jewellery
 s - the ring "Toromap" (left hand) {rElec EV+5}
   (You found it on level 14 of the Dungeon)

   [ring of evasion]

   EV+5:      It affects your evasion (+5).
   rElec:     It insulates you from electricity.
 y - an amulet of faith (around neck)
 A - an amulet of magic regeneration
 G - the ring of Xuusuv Fapt (right hand) {rF- rN+ MP+9 Int+9 SInv}
   (You acquired it on level 10 of the Dungeon)

   [ring of magical power]

   Int+9:     It affects your intelligence (+9).
   rF-:       It makes you vulnerable to fire.
   rN+:       It protects you from negative energy.
   MP+9:      It affects your magic capacity (+9).
   SInv:      It lets you see invisible.
 K - the ring "Veitima" {Fly rF+ Str-2 SInv}
   (You found it on level 7 of the Dungeon)

   [ring of protection from fire]

   Str-2:     It affects your strength (-2).
   rF+:       It protects you from fire.
   SInv:      It lets you see invisible.
   Fly:       It grants you flight.
 Q - a ring of protection from cold
 S - a ring of resist corrosion
 T - a ring of protection from fire
 W - a ring of poison resistance
Talismans
 t - a granite talisman
 F - the blade talisman "Boak" {Fly rElec rF+ Dex+3}
   (You found it in a Gauntlet)

   [blade talisman]

   Dex+3:     It affects your dexterity (+3).
   rF+:       It protects you from fire.
   rElec:     It insulates you from electricity.
   Fly:       It grants you flight.
Wands
 i - a wand of charming (7)
 x - a wand of iceblast (14)
 z - a wand of flame (30)
Scrolls
 a - 2 scrolls of amnesia
 d - a scroll of blinking
 e - a scroll of fear
 f - 3 scrolls of enchant weapon
 j - a scroll of brand weapon
 m - a scroll of butterflies
 p - 3 scrolls of vulnerability
 q - 2 scrolls of enchant armour
 r - a scroll of fog
 u - 3 scrolls of torment
 w - 6 scrolls of teleportation
 B - 2 scrolls of immolation
 D - a scroll of noise
 N - a scroll of poison
 R - 2 scrolls of revelation
Potions
 b - 6 potions of magic
 c - 4 potions of might
 g - 5 potions of mutation
 l - 2 potions of haste
 n - 5 potions of resistance
 o - 3 potions of curing
 C - 3 potions of brilliance
 H - a potion of attraction {unknown}
 I - a potion of invisibility
 L - 3 potions of enlightenment
 O - a potion of lignification {unknown}
 U - 3 potions of cancellation
 X - 3 potions of heal wounds


   Skills:
 + Level 4.1 Fighting
 + Level 2.6 Long Blades
 + Level 4.8 Polearms
 + Level 3.9 Armour
 + Level 5.2 Dodging
 + Level 3.8 Stealth
 + Level 3.7 Shields
 + Level 13.3 Spellcasting
 + Level 6.7 Conjurations
 + Level 12.9 Fire Magic
 + Level 1.0 Air Magic
 + Level 1.0 Alchemy
 + Level 0.6 Evocations
 + Level 1.0 Shapeshifting


You had 8 spell levels left.
You knew the following spells:

 Your Spells              Type           Power      Damage    Failure   Level
a - Scorch                Fire           100%       2d9       1%          2
b - Foxfire               Conj/Fire      100%       2x1d9     1%          1
c - Flame Wave            Conj/Fire      68%        2d15      1%          4
d - Mephitic Cloud        Conj/Alch/Air  37%        N/A       4%          3
e - Orb of Destruction    Conj           28%        9d9       91%         7
f - Fireball              Conj/Fire      34%        3d14      2%          5
g - Ignition              Fire           39%        3d12      80%         8

Your spell library contained the following spells:

 Spells                   Type           Power      Damage    Failure   Level
 Yara's Violent Unravell  Hex/Alch       11%        3d6       67%         5
 Magic Dart               Conj           100%       1d8       1%          1
 Sting                    Conj/Alch      100%       1d9       1%          1
 Searing Ray              Conj           100%       2d8       1%          2
 Inner Flame              Hex/Fire       56%        N/A       1%          3
 Volatile Blastmotes      Fire/Tloc      100%       2d18      1%          3
 Dazzling Flash           Conj/Hex       80%        N/A       4%          3
 Mercury Vapours          Alch/Air       52%        N/A       5%          2
 Fulminant Prism          Conj/Alch      21%        3d12      11%         4
 Apportation              Tloc           40%        N/A       19%         1
 Necrotise                Necr           80%        1d8       19%         1
 Slow                     Hex            80%        N/A       19%         1
 Summon Small Mammal      Summ           80%        N/A       19%         1
 Irradiate                Conj/Alch      21%        3d18      26%         5
 Blink                    Tloc           40%        N/A       28%         2
 Call Imp                 Summ           40%        N/A       28%         2
 Lesser Beckoning         Tloc           40%        N/A       28%         2
 Olgreb's Toxic Radiance  Alch           26%        N/A       30%         4
 Confusing Touch          Hex            20%        N/A       50%         3
 Gell's Gravitas          Tloc           20%        N/A       50%         3
 Sigil of Binding         Hex            20%        N/A       50%         3
 Teleport Other           Tloc           20%        N/A       50%         3
 Vampiric Draining        Necr           20%        2d7       50%         3
 Curse of Agony           Necr           20%        N/A       99%         5
 Silence                  Hex/Air        11%        N/A       99%         5


Dungeon Overview and Level Annotations

Branches:
Dungeon (15/15)            Temple (1/1) D:4            Lair (0/5) D:9
    Orc (0/2) D:12         Vaults (0/5) D:13        Ossuary (visited)
 Bailey (visited)         Gauntlet (visited)
 Depths: D:15

Altars:
Ashenzari
Cheibriados
Dithmenos
Fedhas
Gozag
Hepliaklqana
Kikubaaqudgha
Makhleb
Nemelex Xobeh
Okawaru
Qazlal
Ru
Sif Muna
Trog
Uskayaw
Vehumet
Wu Jian
Xom
Yredelemnul

Shops:
D:4 ?

Annotations:
D:9 3 runed translucent doors, Dazliare's ghost, journeyman DjBe


Innate Abilities, Weirdness & Mutations

You have hoof-like feet.
You are partially covered in molten scales. (AC +2)
You sometimes gain power by taking damage.
You regenerate magic rapidly.


Message History

You feel agile all of a sudden.
You reach to attack!
You puncture the salamander!
The salamander is lightly wounded.
The salamander is engulfed in noxious fumes.
The salamander appears confused.
You catch the helpless salamander completely off-guard!
You hit the salamander.
The salamander is poisoned.
The salamander is moderately wounded.
The salamander is engulfed in noxious fumes.
The salamander appears confused.
The salamander barely misses you.
You hit the salamander.
The salamander looks as sick as possible!
The salamander is moderately wounded.
The salamander is engulfed in noxious fumes.
The salamander hits you with a +0 spear of electrocution.
You are engulfed in flames!
The fire burns you terribly!
The salamander hits itself with a +0 spear of electrocution.
Lightning courses through the salamander!!
You barely miss the salamander.
The salamander is severely wounded.
The salamander is engulfed in noxious fumes.
You are too injured to fight recklessly!
Reach: M) +2 demon trident (venom)
Press: ? - help, Dir - move target, f/p - salamander
Aim: a salamander, wielding a +0 spear of electrocution (noxious fumes, almost dead, confused, extremely poisoned, about 13% to evade your +2 demon trident of venom)
You reach to attack!
You barely miss the salamander.
The salamander is almost dead.
A basilisk comes into view.
The salamander is engulfed in noxious fumes.
An arcanist comes into view. It is wielding a +0 dagger.
The basilisk hisses angrily.
The salamander is engulfed in noxious fumes.
The salamander appears confused.
The salamander hits itself with a +0 spear of electrocution!
The salamander is killed!
Vehumet accepts your kill.
A sixfirhy comes into view.
The arcanist gestures at you while chanting.
The bolt of cold hits you!!
You die...

.. .###### ..#...#
...#.# #.[.#
#####p..#####
#...........#
#.<...#...#.+
#......@....# .#
#####...##.##...##
#...#...†.....
#.#.#.#..○#...
#...#...l.....
#########...##
...# #.# .#


You could see an arcanist.

Vanquished Creatures
  A storm dragon (D:13)
  A quicksilver ooze (Gauntlet)
  A minotaur (Gauntlet)
  An ettin (Bailey)
  A vault guard (D:13)
  2 hydras
  A catoblepas (D:13)
  5 centaur warriors (D:13)
  5 two-headed ogres
  6 boulder beetles
  2 tengu warriors (D:14)
  An occultist (D:13)
  Urug (D:11)
  A skeletal warrior (D:13)
  A glowing orange brain (shapeshifter) (D:15)
  2 cyclopes
  2 ugly things (D:13)
  3 deep elf pyromancers
  5 manticores
  A salamander (D:15)
  3 gargoyles
  Joseph (D:9)
  An efreet (D:12)
  An unseen horror (D:13)
  A tengu conjurer (D:13)
  A komodo dragon (D:9)
  4 trolls
  Prince Ribbit (D:6)
  A hornet (D:9)
  A tyrant leech (Gauntlet)
  19 slime creatures
  A centaur simulacrum (D:14)
  Sigmund (D:6)
  A spriggan (D:7)
  A vampire (D:12)
  5 wraiths
  2 wyverns (D:9)
  A basilisk (shapeshifter) (D:14)
  A ynoxinul (Gauntlet)
  2 shadows (D:10)
  A basilisk (D:14)
  5 yaks (D:9)
  A human (D:12)
  A warg (D:12)
  3 swamp worms (Gauntlet)
  An acid dragon (D:11)
  A water moccasin (D:7)
  8 orc warriors
  A sky beast (D:8)
  2 black bears
  A laughing skull (D:13)
  4 ogres
  10 centaurs
  A phantom (D:5)
  A weeping skull (Ossuary)
  6 kobold brigands
  5 bullfrogs
  6 scorpions
  3 gnoll sergeants
  10 killer bees
  4 electric eels (D:10)
  3 howler monkeys
  4 bombardier beetles
  2 centaur zombies (Ossuary)
  3 jellies
  3 bullfrog zombies (Ossuary)
  5 orc priests
  2 gnoll boudas
  2 hounds (D:6)
  Crazy Yiuf (D:6)
  4 iron imps (Gauntlet)
  2 sleepcaps (D:8)
  3 iguanas
  10 orc wizards
  2 scorpion zombies (Ossuary)
  7 adders
  27 gnolls
  A shadow imp (D:7)
  A white imp (D:6)
  6 ufetubi
  3 adder zombies (Ossuary)
  2 dart slugs
  2 ribbon worms
  33 orcs
  5 ball pythons
  6 bats
  5 endoplasms
  5 giant cockroaches
  A gnoll zombie (Ossuary)
  15 goblins
  10 hobgoblins
  4 jackals (D:3)
  44 kobolds
  5 quokkas
  3 frilled lizards
  5 goblin zombies (Ossuary)
  5 hobgoblin zombies (Ossuary)
  2 orc zombies (Ossuary)
  5 rats
415 creatures vanquished.

Vanquished Creatures (others)
  1349 foxfires
1349 creatures vanquished.

Grand Total: 1764 creatures vanquished

Notes
Turn   | Place    | Note
-------+----------+-------------------------------------------
     0 | D:1      | Atlas the Demonspawn Fire Elementalist began the quest for
                  | the Orb.
     0 | D:1      | Reached XP level 1. HP: 13/13 MP: 3/3
   211 | D:1      | You fall into a shaft and drop 1 floor!
   278 | D:1      | Gained mutation: You sometimes gain a little power by
                  | taking damage. [demonic ancestry]
   278 | D:1      | Reached XP level 2. HP: 19/19 MP: 0/5
  1205 | D:2      | Reached XP level 3. HP: 21/24 MP: 4/6
  1208 | D:2      | Learned a level 2 spell: Scorch
  2598 | D:3      | Reached XP level 4. HP: 30/30 MP: 0/8
  2831 | D:3      | Reached skill level 3 in Spellcasting
  3106 | D:3      | Reached XP level 5. HP: 35/35 MP: 2/10
  3592 | D:3      | Reached skill level 1 in Long Blades
  3970 | D:4      | Noticed an ogre
  3975 | D:4      | Killed an ogre
  3976 | D:4      | Reached skill level 4 in Spellcasting
  3976 | D:4      | Reached XP level 6. HP: 41/41 MP: 1/12
  4141 | D:4      | Found Iqyinos's Magic Scroll Boutique.
  4245 | D:4      | Bought a scroll of teleportation for 39 gold pieces
  4245 | D:4      | Bought a scroll of fear for 52 gold pieces
  4312 | D:4      | Reached skill level 1 in Shapeshifting
  5181 | D:4      | Gained mutation: You are partially covered in molten
                  | scales. (AC +2) [demonic ancestry]
  5181 | D:4      | Reached XP level 7. HP: 46/46 MP: 6/13
  5257 | D:4      | Found a staircase to the Ecumenical Temple.
  5266 | Temple   | Entered the Ecumenical Temple
  5279 | Temple   | Became a worshipper of Vehumet
  5448 | D:5      | Entered Level 5 of the Dungeon
  5597 | D:5      | Reached skill level 5 in Spellcasting
  5869 | D:5      | Reached skill level 5 in Fire Magic
  6566 | D:6      | Gained mutation: You have large cloven feet. [demonic
                  | ancestry]
  6566 | D:6      | Reached XP level 8. HP: 34/52 MP: 2/16
  6577 | D:6      | Reached skill level 6 in Spellcasting
  6695 | D:6      | Noticed Prince Ribbit
  6703 | D:6      | Killed Prince Ribbit
  6708 | D:6      | Reached * piety under Vehumet
  6708 | D:6      | Offered knowledge of Sandblast by Vehumet.
  6709 | D:6      | Reached skill level 1 in Armour
  6846 | D:6      | Noticed Sigmund
  6852 | D:6      | Killed Sigmund
  6853 | D:6      | Reached skill level 1 in Fighting
  7073 | D:6      | Identified the +2 halberd of Malum In Se {freeze, rElec rF+
                  | Will- Str+6}
  7364 | D:6      | Reached skill level 7 in Spellcasting
  7364 | D:6      | Gained mutation: You sometimes gain power by taking damage.
                  | [demonic ancestry]
  7364 | D:6      | Reached XP level 9. HP: 59/59 MP: 14/19
  7455 | D:6      | Offered knowledge of Kiss of Death by Vehumet.
  7460 | D:6      | Reached ** piety under Vehumet
  7651 | D:6      | Learned a level 4 spell: Flame Wave
  7782 | D:6      | Identified the +0 chain mail "Qutoj Suvy" {Regen+ Int+3
                  | SInv}
  7831 | D:6      | Found a runed translucent door.
  7832 | D:6      | Noticed Crazy Yiuf
  7969 | D:6      | Killed Crazy Yiuf
  8297 | D:7      | Identified the ring "Veitima" {Fly rF+ Str-2 SInv}
  8583 | D:7      | Offered knowledge of Momentum Strike by Vehumet.
  8589 | D:7      | Found a sand-covered staircase.
  8598 | Ossuary  | Entered an ossuary
  8796 | Ossuary  | Reached *** piety under Vehumet
  8970 | Ossuary  | Offered knowledge of Sticky Flame by Vehumet.
  9053 | Ossuary  | Reached skill level 1 in Polearms
  9053 | Ossuary  | Noticed a silent spectre
  9271 | D:7      | Reached skill level 1 in Shields
  9649 | D:7      | Found a sparkling altar of Nemelex Xobeh.
  9649 | D:7      | Found a sacrificial altar of Ru.
  9650 | D:7      | Found an iron altar of Okawaru.
 10043 | D:8      | Reached skill level 8 in Spellcasting
 10167 | D:8      | Reached **** piety under Vehumet
 10272 | D:8      | Found a burning altar of Makhleb.
 10410 | D:8      | Offered knowledge of Frozen Ramparts by Vehumet.
 10511 | D:8      | Gained mutation: You have hoof-like feet. [demonic
                  | ancestry]
 10511 | D:8      | Reached XP level 10. HP: 66/66 MP: 17/22
 10971 | D:8      | Found a hazy altar of Hepliaklqana.
 11355 | D:9      | Reached ***** piety under Vehumet
 11454 | D:9      | Noticed Joseph
 11603 | D:9      | Learned a level 3 spell: Mephitic Cloud
 11620 | D:9      | Offered knowledge of Orb of Destruction by Vehumet.
 11644 | D:9      | Killed Joseph
 11830 | D:9      | Reached skill level 9 in Spellcasting
 11982 | D:9      | Found a runed translucent gate.
 11983 | D:9      | Found a runed translucent gate.
 11984 | D:9      | Found a runed translucent gate.
 11984 | D:9      | Noticed a ten-headed hydra
 11984 | D:9      | Noticed Dazliare's ghost (journeyman DjBe)
 12247 | D:9      | Found a staircase to the Lair.
 12598 | D:9      | Learned a level 7 spell: Orb of Destruction
 12619 | D:10     | Entered Level 10 of the Dungeon
 12919 | D:10     | Found a flagged portal.
 12936 | Bailey   | Entered a bailey
 13004 | Bailey   | Noticed an orc warlord
 13075 | Bailey   | Gained mutation: You regenerate magic rapidly. [demonic
                  | ancestry]
 13075 | Bailey   | Reached XP level 11. HP: 50/74 MP: 9/24
 13170 | Bailey   | Found a runed translucent gate.
 13173 | Bailey   | Found a runed translucent gate.
 13174 | Bailey   | Found a runed translucent gate.
 13267 | Bailey   | Identified the +4 orcbow "Giant's Bane" {freeze, Dex+3}
 13678 | Bailey   | HP: 1/74 [orc warlord/+4 battleaxe (28)]
 14024 | Bailey   | an orc warlord changed into an ettin
 14024 | Bailey   | Noticed an ettin
 14034 | Bailey   | Killed an ettin
 14287 | D:10     | Noticed a two-headed ogre
 14304 | D:10     | Killed a two-headed ogre
 15066 | D:10     | Acquired the ring of Xuusuv Fapt {rF- rN+ MP+9 Int+9 SInv}
 15178 | D:11     | Noticed a boulder beetle
 15378 | D:11     | Noticed Urug
 15728 | D:11     | Killed a boulder beetle
 15729 | D:11     | Reached skill level 10 in Spellcasting
 16310 | D:11     | Killed Urug
 16493 | D:12     | Noticed a two-headed ogre
 16499 | D:12     | Killed a two-headed ogre
 16500 | D:12     | Reached skill level 10 in Fire Magic
 16654 | D:12     | Noticed a boulder beetle
 16676 | D:12     | Killed a boulder beetle
 16925 | D:12     | Noticed a boulder beetle
 17082 | D:12     | Killed a boulder beetle
 17133 | D:12     | Identified the +0 scale mail of the Nexus {rPois Str+3}
 17155 | D:12     | Reached skill level 11 in Spellcasting
 17456 | D:12     | Reached XP level 12. HP: 81/81 MP: 26/27
 17620 | D:12     | Reached skill level 5 in Conjurations
 17719 | D:12     | Found a staircase to the Orcish Mines.
 18998 | D:13     | Found a gate leading to a gauntlet.
 19008 | Gauntlet | Entered a Gauntlet
 19008 | Gauntlet | Found a transporter.
 19008 | Gauntlet | Found a transporter.
 19013 | Gauntlet | Found a transporter.
 19015 | Gauntlet | Found a transporter.
 19023 | Gauntlet | Noticed a green death
 19029 | Gauntlet | Found a transporter.
 19033 | Gauntlet | Found a transporter.
 19035 | Gauntlet | Noticed a quicksilver ooze
 19049 | Gauntlet | Found a transporter.
 19075 | Gauntlet | Found a transporter.
 19077 | Gauntlet | Noticed a blizzard demon
 19079 | Gauntlet | Found the +3 pair of mountain boots {steadfast, rC+}
 19095 | Gauntlet | Found a transporter.
 19099 | Gauntlet | Found a transporter.
 19109 | Gauntlet | Found a transporter.
 19113 | Gauntlet | Found a transporter.
 19276 | Gauntlet | Offered knowledge of Fireball by Vehumet.
 19312 | Gauntlet | Learned a level 5 spell: Fireball
 19754 | Gauntlet | Killed a quicksilver ooze
 19809 | Gauntlet | Acquired 643 gold pieces
 19834 | Gauntlet | Noticed a minotaur
 19844 | Gauntlet | Killed a minotaur
 19898 | Gauntlet | Identified the blade talisman "Boak" {Fly rElec rF+ Dex+3}
 19953 | D:13     | Noticed a two-headed ogre
 19961 | D:13     | Killed a two-headed ogre
 20101 | D:13     | Noticed a centaur warrior
 20154 | D:13     | Killed a centaur warrior
 20342 | D:13     | Noticed a two-headed ogre
 20349 | D:13     | Killed a two-headed ogre
 20390 | D:13     | Reached skill level 12 in Spellcasting
 20508 | D:13     | Learned a level 8 spell: Ignition
 20528 | D:13     | Noticed a four-headed hydra
 20532 | D:13     | Killed a four-headed hydra
 20552 | D:13     | Identified the +2 dagger "Soarejote" {protect, rF- Will+
                  | Int+3}
 20637 | D:13     | Noticed a vault guard
 20678 | D:13     | Killed a vault guard
 20758 | D:13     | Found a gate to the Vaults.
 20950 | D:13     | Noticed a catoblepas
 20958 | D:13     | Noticed a two-headed ogre
 20966 | D:13     | Killed a catoblepas
 20968 | D:13     | Killed a two-headed ogre
 20969 | D:13     | Reached XP level 13. HP: 75/87 MP: 29/29
 21086 | D:13     | Reached skill level 5 in Dodging
 21213 | D:13     | Reached skill level 1 in Alchemy
 21390 | D:13     | Reached skill level 1 in Air Magic
 21636 | D:13     | Noticed a storm dragon
 21651 | D:13     | Killed a storm dragon
 21923 | D:13     | Reached skill level 13 in Spellcasting
 22803 | D:14     | Offered knowledge of Yara's Violent Unravelling by Vehumet.
 22929 | D:14     | Identified the ring "Toromap" {rElec EV+5}
 23765 | D:15     | Entered Level 15 of the Dungeon
 23832 | D:15     | Killed from afar by an arcanist

Illustrated notes

Levels and vault maps discovered:
D:1:      lightli_arrival_quake, layout_basic
D:2:      layout_loops_corners, kennysheep_minor_cross
D:3:      layout_loops_cross, eino_tiny_chamber
D:4:      layout_basic, minmay_temple_entry_poolview, serial_shops,
          nicolae_shop_advertising_works [nicolae_subvault_shop_adworks]
D:5:      layout_loops_cross
D:6:      layout_rooms, corexii_shack, billiards_dpeg, uniq_crazy_yiuf_cottage,
          uniq_sigmund, uniq_prince_ribbit1
D:7:      layout_loops_corners, gammafunk_temple_overflow_forgotten,
          mainiacjoe_ossuary_entry_dusty_tomb, the_hattery
D:8:      layout_loops_ring, gammafunk_temple_overflow_wave, bloody_makhleb
D:9:      layout_cave_pools, grunt_lair_entry_orc_guard_hut,
          gammafunk_ghost_hydra_chop, grunt_ministairs_4, uniq_joseph
D:10:     layout_basic, enter_bailey_6
D:11:     layout_loops_ring, uniq_urug
D:12:     layout_basic, erik_orc_4
D:13:     nicolae_hexawheel, layout_cave_pools, david_vaults_5,
          gauntlet_entry_generic
D:14:     layout_stronghold, kennysheep_crisscross
D:15:     hangedman_crystal_crosses_colossus [crystal_crosses_arms_four,
          crystal_crosses_arms_four, crystal_crosses_arms_two]
Temple:   regret_index_temple_sphere_string

Skill      XL: |  1  2  3  4  5  6  7  8  9 10 11 12 13 |
---------------+----------------------------------------+-----
Fire Magic     | 3 4 5 6 7 8 10 12 | 12.9
Stealth        | 2 3 |  3.8
Spellcasting   | 3 4 5 7 8 9 11 12 13 | 13.3
Long Blades    | 1 2 |  2.6
Dodging        | 2 3 4 5 |  5.2
Shapeshifting  | 1 |  1.0
Conjurations   | 3 4 5 6 |  6.7
Armour         | 1 2 3 |  3.9
Fighting       | 1 2 3 4 |  4.1
Polearms       | 1 3 4 |  4.8
Shields        | 2 3 |  3.7
Alchemy        | 1 |  1.0
Air Magic      | 1 |  1.0
Evocations     | |  0.6

Action                     |  1- 3 |  4- 6 |  7- 9 | 10-12 | 13-15 || total
---------------------------+-------+-------+-------+-------+-------++-------
  Melee: Falchion          |    28 |    52 |    32 |       |       ||   112
         Unarmed           |     1 |       |       |       |       ||     1
         Trident           |       |       |   115 |   239 |       ||   354
         Spear             |       |       |    16 |       |       ||    16
         Demon trident     |       |       |       |     6 |    38 ||    44
   Cast: Foxfire           |    60 |    90 |   224 |   336 |    89 ||   799
         Scorch            |    17 |    35 |    94 |   277 |    72 ||   495
         Mephitic Cloud    |       |       |       |    12 |     3 ||    15
         Flame Wave        |       |       |       |     5 |     1 ||     6
         Fireball          |       |       |       |    14 |    37 ||    51
  Evoke: Wand              |       |       |     2 |    13 |       ||    15
    Use: Scroll            |       |       |    10 |    20 |     4 ||    34
         Potion            |       |       |     1 |     1 |     3 ||     5
   Stab: Sleeping          |     1 |     2 |     1 |       |       ||     4
         Confused          |       |       |       |     1 |     3 ||     4
         Distracted        |       |       |       |       |     1 ||     1
 Armour: Robe              |    19 |    11 |     1 |    54 |       ||    85
         Leather armour    |       |       |   101 |   168 |    87 ||   356
         Scale mail        |       |       |       |       |     9 ||     9
  Dodge: Dodged            |    38 |    62 |   283 |   375 |    69 ||   827
  Block: Buckler           |       |       |    34 |    96 |    27 ||   157

Table legend: (Time is in decaauts)
 A = Elapsed time spent in this place.
 B = Non-inter-level travel time spent in this place.
 C = Inter-level travel time spent in this place.
 D = Time resting spent in this place.
 E = Time spent auto-exploring this place.
 F = Levels seen in this place.
 G = Mean time per level.
                   A        B        C        D        E       F      G
               +--------+--------+--------+--------+--------+-----+--------+
         Total |  23973 |  23160 |    813 |   3265 |  15085 |  19 | 1261.7 |
       Dungeon |  21236 |  20448 |    788 |   2171 |  14474 |  15 | 1415.7 |
        Temple |     26 |      1 |     25 |      0 |      0 |   1 |   26.0 |
       Ossuary |    525 |    525 |      0 |      0 |    319 |   1 |  525.0 |
        Bailey |   1251 |   1251 |      0 |    666 |    251 |   1 | 1251.0 |
      Gauntlet |    932 |    932 |      0 |    428 |     41 |   1 |  932.0 |
               +--------+--------+--------+--------+--------+-----+--------+

Top non-repeatable levels by time:
    D:12: 2548 daAuts
    D:13: 2334 daAuts
    D:11: 1667 daAuts
     D:3: 1634 daAuts
     D:9: 1589 daAuts
     D:7: 1580 daAuts
     D:6: 1546 daAuts
     D:4: 1349 daAuts
     D:2: 1310 daAuts
  Bailey: 1251 daAuts
     D:8: 1205 daAuts
    D:14: 1146 daAuts
     D:1: 1145 daAuts
     D:5: 1074 daAuts
    D:10: 1051 daAuts
